AoeStats
← TheSeb

Arabia

508992751Analyzed
3v3 RM · 8d ago on Sep 25, 2026· 50m 9s· 6 players
Game mode
Random Map
Map size
Normal (6 player)
Population
200
Speed
Normal
Resources
Standard
Victory
Conquest
Starting age
Dark Age
Ending age
Imperial Age
RankedLock teamsTeams togetherTeam positionsShared explorationLock speedFull tech treeHidden civsTurbo modeCheats
Victory
Defeat
🇧🇷 Lithuanians · Brazil
854
+13
🇧🇷 Khmer · Brazil
682
+20
🇲🇽 Teutons · Mexico
603
+22
🇺🇸 Japanese · United States
777
-49
🇨🇱 Ethiopians · Chile
764
-18
🇨🇱 Spanish · Chile
756
-18
TheSeb
0:28 Loom
11:23 Feudal Age
12:43 Double-Bit Axe
15:10 Man-at-Arms
16:14 Scale Mail Armor
25:53 Castle Age
25:32 Wheelbarrow
25:13 Stone Mining
29:19 Horse Collar
35:41 Hand Cart
35:13 Town Watch
35:37 Scale Barding Armor
35:43 Forging
36:40 Coinage
42:05 Chain Barding Armor
42:21 Iron Casting
Jaimeka 3K
0:35 Loom
12:11 Feudal Age
12:56 Double-Bit Axe
14:31 Wheelbarrow
13:53 Horse Collar
21:37 Castle Age
25:13 Gold Mining
25:15 Stone Mining
30:20 Imperial Age
29:32 Heavy Plow
29:56 Bow Saw
30:54 Forging
30:45 Scale Mail Armor
32:34 Two-Man Saw
33:21 Conscription
33:27 Conscription
33:04 Fletching
33:14 Padded Archer Armor
33:53 Iron Casting
33:34 Chain Mail Armor
33:21 Squires
33:07 Arson
34:16 Padded Archer Armor
34:07 Fletching
33:40 Crossbowman
35:33 Hand Cart
36:00 Thumb Ring
38:41 Conscription
39:35 Royal Heirs
43:18 Leather Archer Armor
42:59 Bodkin Arrow
45:31 Ballistics
45:53 Gold Shaft Mining
cmac1991
10:45 Feudal Age
17:09 Wheelbarrow
21:56 Gold Mining
29:46 Horse Collar
34:56 Castle Age
36:29 Bloodlines
39:46 Stone Mining
39:31 Light Cavalry
Diego-NA
11:37 Feudal Age
14:57 Wheelbarrow
14:12 Double-Bit Axe
14:39 Horse Collar
17:15 Loom
22:30 Castle Age
38:23 Stone Mining
38:53 Bow Saw
48:11 Pikeman
50:24 Scale Barding Armor
53:01 Imperial Age
tails034
4:28 Loom
14:32 Feudal Age
19:58 Castle Age
19:02 Horse Collar
20:45 Double-Bit Axe
21:40 Wheelbarrow
25:28 Heavy Plow
25:46 Town Watch
28:10 Gold Mining
28:11 Stone Mining
28:17 Stone Mining
29:45 Crossbowman
30:49 Forging
30:35 Fletching
32:51 Pikeman
34:51 Hand Cart
35:04 Squires
34:51 Gambesons
39:49 Imperial Age
42:27 Elite Skirmisher
45:06 Conscription
45:08 Bodkin Arrow
45:18 Scale Mail Armor
45:53 Iron Casting
45:24 Scale Barding Armor
45:20 Padded Archer Armor
45:52 Bow Saw
46:35 Arson
48:38 Chemistry
47:58 Ballistics
47:25 Cavalier
48:18 Bloodlines
49:38 Fortified Wall
iSorry
10:09 Feudal Age
12:06 Wheelbarrow
11:18 Loom
13:01 Double-Bit Axe
20:09 Castle Age
18:22 Forging
18:17 Scale Barding Armor
19:26 Bloodlines
19:44 Horse Collar
20:21 Scale Barding Armor
21:51 Light Cavalry
24:20 Iron Casting
25:59 Husbandry
26:26 Town Watch
27:47 Wheelbarrow
29:35 Stone Mining
29:37 Gold Mining
30:52 Fervor
31:08 Hand Cart
32:26 Bow Saw
35:03 Chain Barding Armor
35:37 Town Patrol
36:47 Stone Shaft Mining
40:08 Imperial Age
38:19 Redemption
38:46 Scale Mail Armor
39:21 Hill Forts
41:12 Cavalier
44:02 Paladin
45:10 Conscription
44:34 Capped Ram
47:33 Two-Man Saw
47:14 Hoardings
46:41 Elite Leitis
49:09 Plate Barding Armor
50:03 Elite Skirmisher
50:48 Thumb Ring
Connection lost

Rejoining the realm…

Still unreachable

The connection could not be restored.

Session expired

The server has moved on; the page needs a fresh start.